 Dungeon Crawl Stone Soup version 0.29-a0-341-g24ffce5b50 (webtiles) character file.

Game seed: 17829101777721027899

356 spaghetti the Ducker (level 6, -1/44 HPs)
             Began as a Deep Dwarf Summoner on Apr 20, 2022.
             Was an Initiate of Makhleb.
             Slain by a scorpion (2 damage)
             ... on level 5 of the Dungeon.
             The game lasted 00:10:41 (2984 turns).

spaghetti the Ducker (Deep Dwarf Summoner)          Turns: 2984, Time: 00:10:42

Health: -1/44      AC: 11    Str: 14    XL:     6   Next: 36%
Magic:  8/8        EV:  5    Int: 15    God:    Makhleb [......]
Gold:   189        SH:  0    Dex: 13    Spells: 5/8 levels left

rFire   . . .      SeeInvis .   n - +1 dagger (venom) {short}
rCold   . . .      Faith    +   (no shield)
rNeg    . . .      Spirit   .   l - +0 plate armour
rPois   .          Reflect  .   (no helmet)
rElec   .          Harm     .   (no cloak)
rCorr   .          Rampage  .   (no gloves)
Will    .....      Clarity  +   (no boots)
Stlth   ..........              r - amulet of faith {!P}
HPRegen 0.00/turn               (no ring)
MPRegen 0.11/turn               (no ring)

@: no status effects
A: damage resistance, heal wounds, sense surroundings 1, no regeneration,
clarity, frail 1
a: Heal Wounds, Renounce Religion


You were on level 5 of the Dungeon.
You worshipped Makhleb.
Makhleb was noncommittal.
You visited 2 branches of the dungeon, and saw 7 of its levels.

You collected 189 gold pieces.


Innate Abilities, Weirdness & Mutations

You are resistant to damage.
You can heal yourself by infusing magical energy.
You passively map a small area around you.
You do not regenerate.
You possess an exceptional clarity of mind.
You are frail. (-10% HP)


   Skills:
 - Level 2.3 Armour
 + Level 5.9 Dodging
 - Level 2.4 Stealth
 - Level 1.7 Spellcasting
 * Level 4.8 Summonings
 * Level 0.1 Invocations


You had 5 spell levels left.
You knew the following spells:

 Your Spells              Type           Power      Damage    Failure   Level
a - Summon Small Mammal   Summ           60%        N/A       98%         1
b - Call Imp              Summ           15%        N/A       99%         2

Your spell library contained the following spells:

 Spells                   Type           Power      Damage    Failure   Level
 Magic Dart               Conj           4%         1d3       100%        1
 Blink                    Tloc           2%         N/A       100%        2
 Call Canine Familiar     Summ           15%        N/A       100%        3
 Lesser Beckoning         Tloc           1%         N/A       100%        3
 Mephitic Cloud           Conj/Pois/Air  1%         N/A       100%        3
 Summon Guardian Golem    Hex/Summ       8%         N/A       100%        3
 Tukima's Dance           Hex            1%         N/A       100%        3
 Passage of Golubria      Tloc           1%         N/A       100%        4
 Summon Lightning Spire   Summ/Air       8%         N/A       100%        4
 Manifold Assault         Tloc           1%         N/A       100%        5
 Yara's Violent Unravell  Hex/Tmut       0%         3d3       100%        5

Inventory:

Hand Weapons
 c - a +0 hand axe {axe}
   (You found it on level 1 of the Dungeon)
 d - a +0 short sword {short}
   (You took it off a kobold on level 1 of the Dungeon)
 n - a +1 dagger of venom (weapon) {short}
   (You took it off a goblin on level 3 of the Dungeon)
Missiles
 f - 137 stones (quivered) {throwing}
 q - 2 javelins {throwing}
 s - 4 poisoned darts {throwing}
Armour
 a - a +0 robe
 e - a +0 chain mail
   (You found it on level 1 of the Dungeon)
 l - a +0 plate armour (worn)
   (You found it on level 1 of the Dungeon)
Magical Staves
 h - a staff of conjuration {!a@e2staff}
   (You found it on level 2 of the Dungeon)
Jewellery
 r - an amulet of faith (around neck) {!P}
   (You found it on level 3 of the Dungeon)
Scrolls
 i - 2 scrolls of immolation {!r!r}
 j - 2 scrolls of identify {@r1}
 o - 2 scrolls of teleportation {unknown}
 t - 2 scrolls of blinking {unknown}
Potions
 b - 2 potions of magic
 m - a potion of degeneration {!q@e2}
 u - a potion of heal wounds {@q2}

Dungeon Overview and Level Annotations

Branches:
Dungeon (6/15)             Temple (1/1) D:4

Altars:
Ashenzari
Fedhas
Gozag
Makhleb
Nemelex Xobeh
Sif Muna
Vehumet
Yredelemnul
The Shining One

Shops:
D:2 [

Annotations:
D:4 exclusion: door, Blork the orc, Eustachio

* ,,...... * * ,
* :.#.# , ,#.#.#
# , ., ** ,,
#.#.#.#*,... + ,
* # ...#.##....
..#.##..#.......
,
.......s...#....
, .......@......#
..#.###O##.#..#.
*
................
#.#.###..#..#.##
* #.###........#
* ,
#......#...... ,
# #.#....#.....#
* *
##.#.#.##.#.....#
, * ,
......##.#.....#


You could see an ogre and a scorpion.


Message History

You throw a stone {throwing}.
The stone {throwing} hits the hobgoblin but does no damage.
Throw: 136 stones {throwing}
Press: ? - help, Q - select action, (/) - cycle Shift-Dir - straight line, f/p - hobgoblin
Aim: a hobgoblin, wielding a +0 short sword (56% to hit)
You throw a stone {throwing}.
The stone {throwing} closely misses the hobgoblin.
Throw: 135 stones {throwing}
Press: ? - help, Q - select action, (/) - cycle Shift-Dir - straight line, f/p - hobgoblin
Aim: a hobgoblin, wielding a +0 short sword (56% to hit)
You throw a stone {throwing}.
The stone {throwing} hits the hobgoblin but does no damage.
Throw: 134 stones {throwing}
Press: ? - help, Q - select action, (/) - cycle Shift-Dir - straight line, f/p - hobgoblin
Aim: a hobgoblin, wielding a +0 short sword (56% to hit)
You throw a stone {throwing}.
The stone {throwing} hits the hobgoblin but does no damage.
You hit the hobgoblin.
The hobgoblin is poisoned.
The hobgoblin hits you but does no damage.
You closely miss the hobgoblin.
The hobgoblin hits you but does no damage.
You closely miss the hobgoblin. Your punch misses the hobgoblin.
The hobgoblin barely misses you.
You barely miss the hobgoblin.
The hobgoblin hits you with a +0 short sword! 😮 HP[-4]
You take 4 damage, and now have 33/49 hp.
You barely miss the hobgoblin.
You kill the hobgoblin!
Makhleb accepts your kill.
Okay, then.
There is an open door here.
You now have 177 gold pieces (gained 16).
f - 134 stones {throwing} (gained 1)
f - 135 stones {throwing} (gained 1)
Things that are here:
a +0 short sword {short}; a hobgoblin corpse
f - 136 stones {throwing} (gained 1)
f - 137 stones {throwing} (gained 1)
You now have 189 gold pieces (gained 12).
Eustachio the Magnificent comes into view.
He is wielding a +2 rapier of venom.
Blork the orc shouts!
Eustachio casts a spell.
Blork the orc zaps a wand.
You easily resist.
You see here 15 gold pieces.
Okay, then.
You aren't carrying any items that you can evoke.
It was a potion of mutation.
You feel extremely strange.
You feel frail.
Your thoughts seem clearer.
Blork the orc zaps a wand.
You turn into a bat.
Your +1 dagger of venom {short} melds into your body.
Your +0 plate armour melds into your body.
Your +1 dagger of venom {short} stops dripping with poison.
The shadow imp lashes its tail.
You now have 44 max hp (-5).
Your transformation is almost over.
There is a stone staircase leading down here.
You fly downwards.
You feel less batty.
Your +1 dagger of venom {short} unmelds from your body.
Your +0 plate armour unmelds from your body.
Your +1 dagger of venom {short} begins to drip with poison!
There is a stone staircase leading up here.
Unknown command.
Unknown command.
Unknown command.
Found a stone staircase leading down.
A scorpion comes into view.
There is a stone staircase leading down here.
The scorpion barely misses you.
You climb downwards.
The orc shouts! x2; The orc wizard shouts!
The orc shouts! x3
You hear an angry hiss.
There is a stone staircase leading up here.
Unknown command.
The orc wizard gestures at you while chanting.
You feel momentarily confused.
The orc throws a boomerang.
The boomerang hits you but does no damage.
You climb upwards.
The scorpion barely misses you. The ogre hits you but does no damage.
There is a stone staircase leading down here.
Unknown command.
Okay, then.
You aren't carrying any items that you can evoke.
Okay, then.
As you read the scroll labelled ISMIF MEGI, it crumbles to dust.
It is a scroll of amnesia.
Really abort (and waste the scroll)?
Okay, then.
The scorpion stings you but does no damage. x2
As you read the scroll labelled JAATYI CYALIKH, it crumbles to dust.
Your body is wracked with pain!
* * * LOW HITPOINT WARNING * * *
The ogre convulses!
The scorpion convulses!
It was a scroll of torment.
The ogre hits you with a +0 giant club!!
* * * LOW HITPOINT WARNING * * *
The scorpion stings you.
You die...

Skill      XL: |  1  2  3  4  5 |
---------------+----------------+-----
Armour         | 1 2 |  2.3
Dodging        | 3 5 |  5.9
Summonings     | 4 |  4.8
Stealth        | |  2.4
Spellcasting   | |  1.7
Invocations    | |  0.1

Action                   |  1- 3 |  4- 6 || total
-------------------------+-------+-------++-------
Melee: Hand axe          |   142 |       ||   142
       Staff             |    87 |    37 ||   124
       Punch             |     1 |     1 ||     2
       Dagger            |       |    43 ||    43
Throw: Stone             |    46 |     4 ||    50
       Javelin           |     1 |     2 ||     3
       Dart              |       |     1 ||     1
 Cast: Summon Small Mamm |     4 |       ||     4
 Abil: Heal Wounds       |     1 |     4 ||     5
  Use: Potion            |     7 |     4 ||    11
       Scroll            |     2 |     2 ||     4
 Stab: Invisible         |     1 |       ||     1
Armor: Chain mail        |    31 |       ||    31
       Robe              |     1 |       ||     1
       Plate armour      |   216 |    60 ||   276
       Skin              |    12 |       ||    12
Dodge: Dodged            |    61 |    13 ||    74

Levels and vault maps discovered:
D:1:      tarquinn_simple_flora_water_b, layout_loops_cross
D:2:      layout_basic, dreamdust_ecumenical_altar_hidden_monk_grotto,
          serial_shops, nicolae_diamond_shop, minivault_24
D:3:      layout_rooms
D:4:      layout_basic, okawaru_trees_1, minmay_temple_entry_grid,
          uniq_eustachio, uniq_sigmund, uniq_blork_the_orc
D:5:      layout_basic, nicolae_wu_jian_immortal_techniques,
          gammafunk_ghost_mausoleum
D:6:      layout_rooms, zin_scriptorium, mainiacjoe_overflow_alcove_4,
          uniq_edmund
Temple:   grunt_temple_mini_profane

Notes
Turn   | Place    | Note
-------+----------+-------------------------------------------
     0 | D:1      | spaghetti the Deep Dwarf Summoner began the quest for the
                  | Orb.
     0 | D:1      | Reached XP level 1. HP: 15/15 MP: 3/3
     0 | D:1      | magus.rc [v1.9.6]
   295 | D:1      | Reached skill level 1 in Armour
   376 | D:1      | Reached XP level 2. HP: 14/22 MP: 4/4
   381 | D:1      | Learned a level 2 spell: Call Imp
   407 | D:1      | You pick up a book of Spatial Translocations and begin
                  | reading...
   407 | D:1      | You add the spells Blink, Lesser Beckoning and Manifold
                  | Assault to your library.
   593 | D:1      | You pick up a book of Minor Magic and begin reading...
   593 | D:1      | You add the spells Magic Dart and Mephitic Cloud to your
                  | library.
   900 | D:2      | Reached skill level 2 in Armour
  1003 | D:2      | Found a faded altar of an unknown god.
  1038 | D:2      | Found Xew Hyenu's Armour Shop.
  1046 | D:2      | Reached XP level 3. HP: 14/28 MP: 5/5
  1267 | D:2      | You add the spells Tukima's Dance, Passage of Golubria and
                  | Yara's Violent Unravelling to your library.
  1680 | D:3      | Reached skill level 3 in Dodging
  1864 | D:3      | Reached XP level 4. HP: 16/36 MP: 6/6
  2075 | D:3      | Reached skill level 4 in Dodging
  2302 | D:4      | Noticed an ogre
  2451 | D:4      | HP: 5/36 [ogre/+0 giant club (11)]
  2456 | D:4      | Killed an ogre
  2457 | D:4      | Reached skill level 5 in Dodging
  2457 | D:4      | Reached XP level 5. HP: 12/42 MP: 7/7
  2495 | D:4      | Noticed Sigmund
  2514 | D:4      | Killed Sigmund
  2515 | D:4      | Reached skill level 4 in Summonings
  2515 | D:4      | Reached XP level 6. HP: 37/49 MP: 8/8
  2543 | D:4      | Found a staircase to the Ecumenical Temple.
  2552 | Temple   | Entered the Ecumenical Temple
  2744 | Temple   | Became a worshipper of Makhleb the Destroyer
  2793 | D:4      | Noticed Blork the orc
  2812 | D:5      | Entered Level 5 of the Dungeon
  2915 | D:4      | Noticed Eustachio
  2916 | D:4      | Gained mutation: You are frail. (-10% HP) [potion of
                  | mutation]
  2916 | D:4      | Gained mutation: You possess an exceptional clarity of
                  | mind. [potion of mutation]
  2984 | D:5      | HP: 1/44 [ogre/+0 giant club (20)]
  2984 | D:5      | Slain by a scorpion

Vanquished Creatures
  Sigmund (D:4)
  An ogre (D:4)
  5 adders (D:3)
  A worm (D:2)
  4 bats
  2 endoplasms
  A giant cockroach (D:2)
  10 goblins
  8 hobgoblins
  7 jackals
  9 kobolds
  2 quokkas
  A ball python (D:1)
  2 frilled lizards
  6 rats
60 creatures vanquished.

Vanquished Creatures (collateral kills)
  A goblin (D:1)
  A kobold (D:1)
2 creatures vanquished.

Vanquished Creatures (others)
  4 fungi (D:2)
  5 plants (D:2)
9 creatures vanquished.

Grand Total: 71 creatures vanquished

Table legend:
 A = Non-vault XP
 B = Vault XP
 C = Vault XP percentage of total XP
 D = Non-vault monster count
 E = Vault monster count
 F = Vault count percentage of total count
                 A         B        C        D         E       F
            +---------+---------+-------+---------+---------+-------
      Total |     286 |     223 |  43.8 |      61 |       1 |   1.6
            +---------+---------+-------+---------+---------+-------
        D:1 |      30 |       0 |   0.0 |      17 |       0 |   0.0
        D:2 |      33 |       0 |   0.0 |      18 |       0 |   0.0
        D:3 |      92 |       0 |   0.0 |      20 |       0 |   0.0
        D:4 |     131 |     223 |  63.0 |       6 |       1 |  14.3
            +---------+---------+-------+---------+---------+-------

Illustrated notes

Table legend:
 A = Kills in this place as a percentage of kills in entire the game.
 B = Kills by you in this place as a percentage of kills by you in the entire game.
 C = Kills by friends in this place as a percentage of kills by friends in the entire game.
 D = Other kills in this place as a percentage of other kills in the entire game.
 E = Experience gained in this place as a percentage of experience gained in the entire game.
 F = Experience gained in this place divided by the number of levels of this place that you have seen.
                   A       B       C       D       E      F
               +-------+-------+-------+-------+-------+----------------------
         Total | 100.0 | 100.0 | 100.0 |   N/A | 100.0 |  72.7
       Dungeon | 100.0 | 100.0 | 100.0 |   N/A | 100.0 |  84.8
               +-------+-------+-------+-------+-------+----------------------

Table legend: (Time is in decaauts)
 A = Elapsed time spent in this place.
 B = Non-inter-level travel time spent in this place.
 C = Inter-level travel time spent in this place.
 D = Time resting spent in this place.
 E = Time spent auto-exploring this place.
 F = Levels seen in this place.
 G = Mean time per level.
                   A        B        C        D        E       F      G
               +--------+--------+--------+--------+--------+-----+--------+
         Total |   3039 |   2871 |    168 |    182 |   1774 |   7 |  434.1 |
       Dungeon |   2808 |   2700 |    108 |    182 |   1611 |   6 |  468.0 |
        Temple |    230 |    170 |     60 |      0 |    163 |   1 |  230.0 |
               +--------+--------+--------+--------+--------+-----+--------+

Top non-repeatable levels by time:
     D:1: 904 daAuts
     D:3: 765 daAuts
     D:2: 727 daAuts
     D:4: 369 daAuts
  Temple: 230 daAuts
     D:5: 40 daAuts
     D:6: 1 daAuts
